 Dungeon Crawl Stone Soup version 0.29.1-12-g30fa7ad0bf (webtiles) character file.

Game seed: 4920839823157444637

49 DildoBatman the Conjurer (level 4, -3/32 HPs)
             Began as a Formicid Conjurer on Dec 12, 2022.
             Slain by a black bear (5 damage)
             ... on level 4 of the Dungeon.
             The game lasted 00:01:58 (865 turns).

DildoBatman the Conjurer (Formicid Conjurer)         Turns: 865, Time: 00:01:59

Health: -3/32      AC:  2    Str: 12    XL:     4   Next: 1%
Magic:  3/8        EV: 12    Int: 19    God:
Gold:   88         SH:  0    Dex: 12    Spells: 5/8 levels left

rFire   . . .      SeeInvis +   c - +3 sling
rCold   . . .      Faith    .   (no shield)
rNeg    . . .      Spirit   .   a - +0 robe
rPois   .          Reflect  .   (helmet unavailable)
rElec   .          Harm     .   (no cloak)
rCorr   .          Rampage  .   (no gloves)
Will    .....                   (no boots)
Stlth   ++........              (no amulet)
HPRegen 0.10/turn               (no ring)
MPRegen 0.11/turn               (no ring)

@: lethally poisoned (-3 -> -11)
A: permanent stasis, dig shafts and tunnels, antennae 3, four strong arms
a: Dig, Shaft Self


You were on level 4 of the Dungeon.
You visited 1 branch of the dungeon, and saw 3 of its levels.

You collected 88 gold pieces.

Inventory:

Hand Weapons
 c - a +3 sling (weapon)
Missiles
 e - 10 stones
Armour
 a - a +0 robe (worn)
 l - a +0 leather armour of cold resistance
Scrolls
 d - a scroll of blinking {unknown}
 f - a scroll of identify {unknown}
 g - a scroll of immolation {unknown}
 i - a scroll of acquirement {unknown}
Potions
 b - a potion of magic
 h - a potion of heal wounds {unknown}
 j - a potion of flight {unknown}
 k - a potion of degeneration {unknown}


   Skills:
 * Level 1.4 Fighting
 * Level 1.4 Armour
 - Level 2.0 Dodging
 - Level 2.4 Stealth
 * Level 2.7 Spellcasting
 * Level 3.9 Conjurations


You had 5 spell levels left.
You knew the following spells:

 Your Spells              Type           Power      Damage    Failure   Level
a - Searing Ray           Conj           34%        2d5       4%          2
c - Magic Dart            Conj           68%        1d6       3%          1

Your spell library contained the following spells:

 Spells                   Type           Power      Damage    Failure   Level
 Dazzling Flash           Conj/Hex       20%        N/A       22%         3
 Fulminant Prism          Conj/Hex       5%         3d7       56%         4
 Iskenderun's Mystic Bla  Conj/Tloc      10%        2d4       56%         4


Dungeon Overview and Level Annotations

Branches:
Dungeon (2/15)

Altars:


Innate Abilities, Weirdness & Mutations

You cannot be hasted, slowed, berserked, paralysed or teleported.
You can dig through walls and to a lower floor.
You have a pair of large antennae on your head. (SInv)
Your four strong arms can wield two-handed weapons with a shield.


Message History

t - Shout!
Orders for allies: a - Attack new target. r - Retreat! s - Stop attacking. g - Guard the area. f - Follow me.
Anything else - Cancel.
You shout for attention!
The adder bites you.
You are poisoned.
The adder poisons you! The hobgoblin closely misses you.
The black bear misses you. The black bear claws you. x2
What are your orders? t - Shout!
Orders for allies: a - Attack new target. r - Retreat! s - Stop attacking. g - Guard the area. f - Follow me.
Anything else - Cancel.
You shout for attention!
You feel sick. The adder bites you but does no damage. The adder bites you.
You are more poisoned.
The adder poisons you! The hobgoblin closely misses you.
The black bear bites you but does no damage.
The black bear claws you. x2
What are your orders? t - Shout!
Orders for allies: a - Attack new target. r - Retreat! s - Stop attacking. g - Guard the area. f - Follow me.
Anything else - Cancel.
You shout for attention!
You feel sick. The adder barely misses you. The hobgoblin misses you.
The black bear bites you. The black bear claws you. x2
You die...

#.# #.#
#(## #..
#.. #.#
#.# #@#
......Sgh#
###......#
#.#..... #
#.##.## ..
.. ... .#
#... .#


You could see a black bear, an adder and a hobgoblin.

Vanquished Creatures
  2 adders (D:2)
  4 ball pythons
  3 endoplasms
  4 giant cockroaches
  A goblin (D:1)
  3 hobgoblins (D:2)
  5 kobolds
  A quokka (D:1)
  2 bats
  2 frilled lizards (D:1)
27 creatures vanquished.

Notes
Turn   | Place    | Note
-------+----------+-------------------------------------------
     0 | D:1      | DildoBatman the Formicid Conjurer began the quest for the
                  | Orb.
     0 | D:1      | Reached XP level 1. HP: 13/13 MP: 3/3
   216 | D:1      | Reached XP level 2. HP: 20/20 MP: 5/5
   219 | D:1      | Learned a level 2 spell: Searing Ray
   716 | D:2      | Reached skill level 1 in Fighting
   716 | D:2      | Reached skill level 1 in Armour
   716 | D:2      | Reached XP level 3. HP: 24/26 MP: 1/6
   852 | D:2      | Reached XP level 4. HP: 31/32 MP: 2/8
   854 | D:2      | You fall into a shaft and drop 2 floors!
   859 | D:4      | Noticed a black bear
   865 | D:4      | Slain by a black bear

Illustrated notes

Levels and vault maps discovered:
D:1:      saegor_arrival_under_anarchy, layout_basic,
          hangedman_decor_diamond_cutter
D:2:      layout_rooms
D:4:      layout_loops_ring, lemuel_tele_altar, lemuel_doored_altar,
          nzn_wu_jian_contemplation, minmay_temple_entry_proselytizer

Skill      XL: |  1  2 |
---------------+-------+-----
Dodging        | 2 |  2.0
Fighting       | 1 |  1.4
Armour         | 1 |  1.4
Stealth        | |  2.4
Spellcasting   | |  2.7
Conjurations   | |  3.9

Action                   |  1- 3 |  4- 6 || total
-------------------------+-------+-------++-------
 Fire: Sling             |    46 |       ||    46
 Cast: Searing Ray       |     3 |       ||     3
 Abil: Dig               |     1 |       ||     1
       Shaft Self        |       |     1 ||     1
Armor: Robe              |       |     3 ||     3
Dodge: Dodged            |     5 |     6 ||    11
